 Dungeon Crawl Stone Soup version 0.25-a0-578-gc91f01c39c (webtiles) character file.

Game seed: 6492692708219324772, levelgen mode: deterministic

255776 MisterFreud the Spry (level 19, -1/111 HPs)
             Began as an Octopode Fighter on Mar 4, 2020.
             Was the Champion of Cheibriados.
             Slain by a sphinx (9 damage)
             ... on level 1 of the Vaults.
             The game lasted 01:37:32 (33603 turns).

MisterFreud the Spry (Octopode Fighter)            Turns: 33603, Time: 01:37:33

Health: -1/111     AC:  5    Str: 36    XL:     19   Next: 79%
Magic:  35/35      EV: 35    Int: 31    God:    Cheibriados [******]
Gold:   1921       SH: 24    Dex: 28    Spells: 16/42 levels left

rFire    . . .     SeeInvis +     - Unarmed
rCold    + + +     Gourm    .   E - +2 kite shield "Qocvismo" {rC+}
rNeg     + . .     Faith    .   a - +2 hat "Fetwir" {+Blink Slay+3}
rPois    +         Spirit   .   W - +5 amulet of reflection
rElec    .         Reflect  +   f - +2 ring of evasion
rCorr    .         Harm     .   V - ring of protection from magic
MR       ++...                  y - ring of wizardry
Stlth    +++.......             B - +5 ring of strength
HPRegen  0.28/turn              l - ring of poison resistance
MPRegen  0.24/turn              U - ring of wizardry
                                s - ring of the Little Devil {rC+ rN+}
                                g - ring of see invisible

@: about to teleport, very slow
A: almost no armour, stealthy swim, amphibious, 8 rings, constrict 8, repulsion
field 1, yellow scales 1, camouflage 1, cold resistance 1, frail 1, gelatinous
body 1
}: 2/15 runes: barnacled, gossamer
a: Bend Time, Temporal Distortion, Slouch, Step From Time, Renounce Religion,
Evoke Blink


You were on level 1 of the Vaults.
You worshipped Cheibriados.
Cheibriados was exalted by your worship.
You were hungry.

You visited 7 branches of the dungeon, and saw 33 of its levels.
You also visited: Gauntlet and Ice Cave.

You collected 3877 gold pieces.
You spent 1956 gold pieces at shops.

Inventory:

Missiles
 Z - 2 throwing nets (quivered)
Armour
 a - the +2 hat "Fetwir" (worn) {+Blink Slay+3}
   (You acquired it on level 3 of the Shoals)

   It affects your accuracy and damage with ranged weapons and melee attacks
   (+3).
   It lets you blink.
   If you remove this armour, your AC will decrease by 2 (5 -> 3).
 E - the +2 kite shield "Qocvismo" (worn) {rC+}
   (You took it off Asterion on level 4 of the Spider Nest)

   It protects you from cold.
Jewellery
 f - a +2 ring of evasion (left tentacle)
 g - a ring of see invisible (on tentacle)
 l - a ring of poison resistance (on tentacle)
 r - an uncursed ring of resist corrosion
 s - the ring of the Little Devil (on tentacle) {rC+ rN+}
   (You found it on level 8 of the Dungeon)

   [ring of protection from cold]

   It protects you from cold.
   It protects you from negative energy.
 y - a ring of wizardry (on tentacle)
 B - a +5 ring of strength (on tentacle)
 L - an uncursed ring of positive energy
 U - a ring of wizardry (on tentacle)
 V - a ring of protection from magic (right tentacle)
 W - a +5 amulet of reflection (around mantle)
Wands
 k - a wand of enslavement (16)
 m - a wand of scattershot (9)
 v - a wand of iceblast (4)
 w - a wand of paralysis (41)
 z - a wand of acid (7)
 G - a wand of clouds (8)
 H - a wand of polymorph (12)
 J - a wand of flame (4)
 N - a wand of digging (13)
 O - a wand of disintegration (8)
Scrolls
 i - 3 scrolls of enchant weapon
 n - 9 scrolls of remove curse
 p - a scroll of summoning {unknown}
 t - 10 scrolls of amnesia
 A - 6 scrolls of magic mapping
 D - 2 scrolls of fear
 P - a scroll of holy word
 Q - 11 scrolls of identify
 R - 4 scrolls of fog
 T - 8 scrolls of enchant armour
 X - a scroll of silence
Potions
 d - 4 potions of heal wounds
 e - 2 potions of flight
 h - 4 potions of resistance
 j - 7 potions of curing
 q - 7 potions of brilliance
 u - 8 potions of stabbing
 F - 2 potions of cancellation
 I - a potion of mutation
 K - 8 potions of ambrosia
 S - a potion of magic
Miscellaneous
 b - a crystal ball of energy
 x - a tin of tremorstones
 C - a phial of floods
Comestibles
 c - 48 rations


   Skills:
 - Level 9.0 Fighting
 - Level 16.0 Dodging
 - Level 15.0 Shields
 - Level 12.0 Unarmed Combat
 - Level 12.0 Spellcasting
 - Level 4.0 Conjurations
 + Level 13.4 Translocations
 - Level 4.0 Air Magic
 - Level 4.0 Poison Magic
 + Level 11.6 Invocations
 - Level 6.6 Evocations


You had 16 spell levels left.
You knew the following spells:

 Your Spells              Type           Power        Failure   Level  Hunger
a - Mephitic Cloud        Conj/Pois/Air  #####...     1%          3    None
b - Blink                 Tloc           N/A          0%          2    None
c - Controlled Blink      Tloc           N/A          17%         8    #######
d - Summon Lightning Spi  Summ/Air       ####....     3%          4    None
e - Lesser Beckoning      Tloc           #######...   1%          3    None
f - Deflect Missiles      Chrm/Air       ####......   41%         6    ####...

Your spell library contained the following spells:

 Spells                   Type           Power        Failure   Level  Hunger
 Apportation              Tloc           ######       0%          1    None
 Foxfire                  Conj/Fire      ####         1%          1    None
 Magic Dart               Conj           ####         1%          1    None
 Summon Butterflies       Summ           ###.....     1%          1    None
 Call Imp                 Summ           ###.....     1%          2    None
 Corpse Rot               Necr/Air       N/A          1%          2    None
 Poisonous Vapours        Pois/Air       #####.       1%          2    None
 Slow                     Hex            ###.....     1%          2    None
 Sublimation of Blood     Necr           ###.......   1%          2    None
 Conjure Flame            Conj/Fire      ####....     1%          3    None
 Gell's Gravitas          Tloc           #######...   1%          3    None
 Portal Projectile        Hex/Tloc       ######       1%          3    None
 Dispersal                Tloc           #######...   1%          6    ####...
 Inner Flame              Hex/Fire       ###.....     2%          3    None
 Spectral Weapon          Hex/Chrm       ###.....     2%          3    None
 Tukima's Dance           Hex            ###.....     2%          3    None
 Sticky Flame             Conj/Fire      ####....     3%          4    None
 Dispel Undead            Necr           ###.....     7%          4    None
 Alistair's Intoxication  Tmut/Pois      ####....     9%          5    ##.....
 Fireball                 Conj/Fire      ####......   9%          5    ##.....
 Silence                  Hex/Air        ####......   9%          5    ##.....
 Disjunction              Tloc           #######...   17%         8    #######
 Agony                    Necr           ###.....     19%         5    ##.....
 Excruciating Wounds      Chrm/Necr      ###.......   19%         5    ##.....
 Conjure Ball Lightning   Conj/Air       #####.....   21%         6    ####...
 Freezing Cloud           Conj/Ice/Air   #####.....   32%         6    ####...
 Invisibility             Hex            ###.....     67%         6    ####...
 Ring of Flames           Chrm/Fire      ###.......   99%         7    ######.
 Tornado                  Air            #####.....   100%        9    #######


Dungeon Overview and Level Annotations

Branches:
Dungeon (15/15)            Temple (1/1) D:4            Lair (6/6) D:11
 Shoals (4/4) Lair:2       Spider (4/4) Lair:2        Slime (0/5) Lair:5
    Orc (2/2) D:11            Elf (0/3) Orc:2        Vaults (1/5) D:14
 Depths (0/5) D:15          IceCv (visited)         Gauntlet (visited)

Altars:
Ashenzari
Cheibriados
Dithmenos
Elyvilon
Fedhas
Gozag
Hepliaklqana
Kikubaaqudgha
Makhleb
Nemelex Xobeh
Okawaru
Ru
Sif Muna
Trog
Uskayaw
Vehumet
Wu Jian
Xom
Yredelemnul
The Shining One

Shops:
D:7 [   D:11 (   Orc:2 %[!:   Vaults:1 *

Portals:
Pandemonium: Orc:2

Annotations:
D:10 3 runed translucent doors, olaf's ghost, novice DsGl


Innate Abilities, Weirdness & Mutations

You cannot wear most types of armour.
You are very stealthy in the water. (Stealth+)
You are amphibious.
You can wear up to eight rings at the same time.
You can use your tentacles to constrict eight enemies at once.
Your skin changes colour to match your surroundings (Stealth+).
Your rubbery body absorbs attacks. (AC +1, EV +1)
You are surrounded by a mild repulsion field. (EV +2)
You are partially covered in yellow scales. (AC +2)
Your flesh is cold resistant. (rC+)
You are frail. (-10% HP)


Message History

The vault sentinel shouts!
You hear a deafening roar!
A fire dragon comes into view.
A shadow dragon comes into view.
The shadow dragon breathes negative energy at you.
The bolt of negative energy misses you. The shadow dragon closely misses you.
You block the shadow dragon's attack. x2
The vault sentinel blows a loud note on a signal horn!
You hear a shout! x3; You hear two shouts!
You hear a shout!
You hear an angry hiss.
You hear a shout! x7
Found eleven items.
As you read the scroll of teleportation, it crumbles to dust.
You feel strangely unstable.
You hear a shout! x3
The shadow dragon completely misses you.
The shadow dragon claws you.
* * * LOW HITPOINT WARNING * * *
The shadow dragon completely misses you.
The sphinx hits you!!
* * * LOW HITPOINT WARNING * * *
The sphinx hits you!
You die...

#########
}|([$[)$#
[$!(!!?$#
........#
........#
...G....#
..Dp..D@#
......cH#
.......p#
........#
....#...#
....#####
... ..


You could see a shadow dragon, a fire dragon, a sphinx, a yaktaur captain, an
eye of devastation and 2 vault sentinels.

Vanquished Creatures
  Bai Suzhen (Spider:3)
  Rupert (D:15)
  Asterion (Spider:4)
  A frost giant (Shoals:4)
  A fire giant (Vaults:1)
  A deep elf sorcerer (Vaults:1)
  4 ghost moths (Spider:4)
  Louise (D:15)
  A vault warden (Vaults:1)
  Aizul (Shoals:2)
  4 emperor scorpions
  4 entropy weavers
  A stone giant (Orc:2)
  2 ironheart preservers (Vaults:1)
  A minotaur (Gauntlet)
  3 spark wasps
  2 merfolk javelineers (Shoals:4)
  A green death (Gauntlet)
  Snorg (D:11)
  Josephine (D:11)
  7 merfolk impalers
  Erolcha (Orc:1)
  A yaktaur captain (Vaults:1)
  A great orb of eyes (Vaults:1)
  2 ice dragons (D:15)
  8 hydras
  7 merfolk avatars
  A catoblepas (D:14)
  4 vault guards
  5 merfolk aquamancers (Shoals:4)
  7 centaur warriors
  3 death yaks (Lair:3)
  An ogre mage (Vaults:1)
  5 two-headed ogres
  2 queen ants
  4 orc high priests (Orc:2)
  2 deep elf knights
  5 skeletal warriors (D:15)
  7 sea snakes
  4 unseen horrors
  A deep troll (Vaults:1)
  A glowing orange brain (Vaults:1)
  An infernal demonspawn (Orc:2)
  5 ironbrand convokers (Vaults:1)
  A deep elf archer (Vaults:1)
  A gelid demonspawn (Orc:2)
  2 wizards
  12 orc knights
  A necromancer (Vaults:1)
  5 ugly things
  An orb spider (Spider:4)
  27 wolf spiders
  A shining eye (Gauntlet)
  10 orc sorcerers
  17 harpies
  6 moths of wrath
  3 deep elf magi
  16 manticores
  11 fauns
  6 cyclopes
  A salamander (Spider:4)
  5 black mambas
  10 merfolk sirens
  7 water nymphs
  2 guardian serpents
  Maurice (D:11)
  A rust devil (Orc:2)
  2 ice statues (IceCv)
  A torpor snail (Spider:3)
  2 gargoyles
  5 vault sentinels (Vaults:1)
  2 yaktaurs
  11 spiny frogs
  5 rime drakes
  8 ice devils (IceCv)
  4 komodo dragons
  A kobold demonologist (D:15)
  A hellwing (Orc:2)
  10 demonic crawlers
  A tengu conjurer (D:14)
  3 red devils (Orc:2)
  4 harpy zombies (Shoals:2)
  10 trolls
  36 jumping spiders
  6 polar bears
  11 hornets
  A wind drake (shapeshifter) (Spider:2)
  13 merfolk
  9 hippogriffs
  8 wind drakes
  9 blink frogs
  A raiju (Spider:4)
  4 slime creatures (Vaults:1)
  10 snapping turtles
  8 dream sheep
  A frost giant simulacrum (Vaults:1)
  34 tarantellas
  62 redbacks
  A vampire (D:15)
  A water elemental (D:15)
  2 wyverns
  2 shadows
  A ynoxinul (Orc:2)
  11 spriggans
  6 wraiths
  A human (shapeshifter) (D:15)
  Grum (Lair:1)
  A human (D:7)
  46 yaks
  A chaos spawn (Orc:2)
  4 hogs (D:7)
  2 steam dragons
  A human simulacrum (Vaults:1)
  2 hungry ghosts (D:10)
  4 wargs
  An acid dragon (D:15)
  19 soldier ants
  6 water moccasins
  2 floating eyes (Gauntlet)
  3 porcupines
  A hornet zombie (D:13)
  42 orc warriors
  5 black bears
  2 phantoms
  3 sky beasts
  A necrophage (D:5)
  5 ice beasts
  15 ogres
  26 wolves
  15 boggarts
  2 eyes of draining
  9 centaurs
  An orc skeleton (Vaults:1)
  15 crocodiles
  A hippogriff zombie (Shoals:2)
  A big kobold (D:10)
  A human skeleton (Vaults:1)
  17 bullfrogs
  2 gnoll sergeants
  A glowing shapeshifter simulacrum (Vaults:1)
  A yaktaur skeleton (Vaults:1)
  4 wyvern zombies
  A wyvern skeleton (D:8)
  2 scorpions
  8 wights
  20 killer bees
  5 howler monkeys
  8 electric eels
  4 crimson imps
  A quasit (D:12)
  2 centaur zombies
  6 jellies
  30 orc priests
  4 bullfrog skeletons
  10 centaur skeletons
  6 hounds
  3 bullfrog zombies
  An iguana (D:5)
  20 orc wizards
  7 hell rats (Lair:4)
  27 worker ants
  A hound skeleton (D:10)
  A howler monkey zombie (D:8)
  20 gnolls
  14 adders
  3 shadow imps
  9 white imps (IceCv)
  2 oozes
  6 ufetubi (IceCv)
  3 worms
  3 dart slugs (D:1)
  7 leopard geckos
  74 orcs
  A ball python (D:2)
  12 bats
  4 giant cockroaches
  6 goblins
  9 hobgoblins
  10 jackals
  3 quokkas
  A ball python skeleton (D:4)
  6 frilled lizards
  A giant cockroach zombie (D:1)
  12 kobolds
  A leopard gecko zombie (D:1)
  A quokka skeleton (D:4)
  8 rats
  A spectral orc (D:2)
  2 plants (Shoals:1)
1222 creatures vanquished.

Vanquished Creatures (collateral kills)
  A deep elf sorcerer (Vaults:1)
  A redback (Spider:1)
  A tarantella (Spider:4)
3 creatures vanquished.

Vanquished Creatures (others)
  A reaper (IceCv)
  A centaur warrior (D:15)
  2 satyrs (Shoals:3)
  A cyclops (D:13)
  3 fauns (Shoals:3)
  A merfolk (Shoals:3)
  2 centaurs
  3 white imps (IceCv)
  3 ufetubi (IceCv)
  An orc (Orc:1)
  5 fungi (Lair:6)
  23 plants
46 creatures vanquished.

Grand Total: 1271 creatures vanquished

Notes
Turn   | Place    | Note
-------+----------+-------------------------------------------
     0 | D:1      | MisterFreud the Octopode Fighter began the quest for the
                  | Orb.
     0 | D:1      | Reached XP level 1. HP: 16/16 MP: 1/1
    98 | D:1      | Reached XP level 2. HP: 19/21 MP: 2/2
   368 | D:1      | Reached XP level 3. HP: 19/26 MP: 3/3
  1279 | D:2      | Reached XP level 4. HP: 30/31 MP: 4/4
  1453 | D:2      | Found a basalt altar of Yredelemnul.
  1819 | D:3      | Noticed a +0 hand axe
  1820 | D:3      | Noticed a +0 hand axe
  1829 | D:3      | Found a hide-covered altar of Uskayaw.
  2276 | D:4      | Reached skill level 5 in Unarmed Combat
  2276 | D:4      | Reached XP level 5. HP: 33/36 MP: 5/5
  2351 | D:4      | Noticed an ogre
  2535 | D:4      | Reached skill level 4 in Dodging
  2539 | D:4      | Reached XP level 6. HP: 22/42 MP: 3/6
  2661 | D:4      | Reached skill level 5 in Dodging
  2713 | D:4      | Found a staircase to the Ecumenical Temple.
  2727 | Temple   | Entered the Ecumenical Temple
  2888 | Temple   | Became a worshipper of Cheibriados the Contemplative
  2927 | D:4      | Found an iron altar of Okawaru.
  3029 | D:4      | Reached skill level 6 in Dodging
  3029 | D:4      | Reached XP level 7. HP: 24/46 MP: 2/7
  3248 | D:5      | Entered Level 5 of the Dungeon
  3597 | D:5      | Reached XP level 8. HP: 54/54 MP: 8/8
  3608 | D:5      | Reached * piety under Cheibriados
  3785 | D:5      | Reached skill level 7 in Dodging
  4115 | D:6      | Reached skill level 5 in Fighting
  4681 | D:7      | Reached skill level 1 in Invocations
  4681 | D:7      | Reached skill level 1 in Evocations
  4687 | D:7      | Reached ** piety under Cheibriados
  4742 | D:7      | Noticed a hippogriff
  4749 | D:7      | Killed a hippogriff
  4749 | D:7      | Reached XP level 9. HP: 30/62 MP: 6/10
  4821 | D:7      | Found Fypeessa's Antique Armour Shop.
  5016 | D:7      | Found a sacrificial altar of Ru.
  5020 | D:7      | Found a glowing golden altar of the Shining One.
  5021 | D:7      | Found a sparkling altar of Nemelex Xobeh.
  5022 | D:7      | Found an ancient bone altar of Kikubaaqudgha.
  5023 | D:7      | Found a radiant altar of Vehumet.
  5140 | D:7      | Found a shimmering altar of Xom.
  5168 | D:7      | Reached skill level 8 in Dodging
  5662 | D:8      | Reached *** piety under Cheibriados
  5762 | D:8      | Reached XP level 10. HP: 68/68 MP: 13/13
  5838 | D:8      | Reached skill level 5 in Invocations
  5875 | D:8      | Reached skill level 5 in Evocations
  5985 | D:8      | Reached **** piety under Cheibriados
  5985 | D:8      | Reached skill level 9 in Dodging
  6809 | D:8      | Noticed a centaur warrior
  6809 | D:8      | Noticed a cyclops
  6811 | D:8      | Noticed a cyclops
  6816 | D:8      | Noticed a centaur warrior
  6818 | D:8      | Noticed a gargoyle
  6820 | D:8      | Killed a centaur warrior
  6821 | D:8      | Killed a cyclops
  6821 | D:8      | Reached skill level 10 in Dodging
  6821 | D:8      | Killed a cyclops
  6821 | D:8      | Noticed a cyclops
  6824 | D:8      | Killed a centaur warrior
  6824 | D:8      | Reached skill level 5 in Shields
  6824 | D:8      | Reached XP level 11. HP: 33/72 MP: 3/16
  6851 | D:8      | Killed a cyclops
  7036 | D:8      | Got a steaming wooden ring
  7037 | D:8      | Identified the ring of the Little Devil {rC+ rN+} (You
                  | found it on level 8 of the Dungeon)
  7039 | D:8      | Identified the Disquisition on Scorching Protection
  7051 | D:8      | Got a fine triple sword
  7052 | D:8      | Identified the +8 triple sword of Purpose {flame, rElec
                  | Dex+4} (You found it on level 8 of the Dungeon)
  7521 | D:9      | Found a white marble altar of Elyvilon.
  8238 | D:9      | Reached ***** piety under Cheibriados
  8453 | D:10     | Entered Level 10 of the Dungeon
  8470 | D:10     | Noticed a two-headed ogre
  8478 | D:10     | Killed a two-headed ogre
  8723 | D:10     | Noticed a two-headed ogre
  8733 | D:10     | Killed a two-headed ogre
  8816 | D:10     | Reached skill level 10 in Shields
  8955 | D:10     | Learned a level 3 spell: Mephitic Cloud
  9042 | D:10     | Reached skill level 1 in Spellcasting
  9067 | D:10     | Found a runed translucent gate.
  9068 | D:10     | Found a runed translucent gate.
  9169 | D:10     | Found a runed translucent gate.
  9170 | D:10     | Found an opulent altar of Gozag.
  9171 | D:10     | Noticed olaf's ghost (novice DsGl)
  9172 | D:10     | Noticed an ogre mage
  9543 | D:11     | Noticed Josephine
  9557 | D:11     | Reached XP level 12. HP: 63/79 MP: 13/17
  9569 | D:11     | Killed Josephine
  9584 | D:11     | Reached skill level 5 in Spellcasting
  9882 | D:11     | Found a staircase to the Orcish Mines.
  9935 | D:11     | Noticed Maurice
  9950 | D:11     | Reached skill level 1 in Poison Magic
  9967 | D:11     | Noticed Snorg
  9991 | D:11     | Killed Snorg
  9991 | D:11     | Reached skill level 1 in Conjurations
  9991 | D:11     | Reached skill level 1 in Air Magic
 10001 | D:11     | Found a staircase to the Lair.
 10040 | Lair:1   | Entered Level 1 of the Lair of Beasts
 10353 | Lair:1   | Noticed Grum
 10364 | Lair:1   | Killed Grum
 10364 | Lair:1   | Reached ****** piety under Cheibriados
 10542 | Lair:1   | You fall into a shaft and drop 1 floor!
 10860 | Lair:2   | Found a staircase to the Shoals.
 11085 | Lair:2   | Found a hole to the Spider Nest.
 11680 | Lair:3   | Reached XP level 13. HP: 51/83 MP: 22/22
 13807 | Lair:5   | Found a gate leading to a gauntlet.
 13821 | Gauntlet | Entered a Gauntlet
 13821 | Gauntlet | Found a transporter.
 13821 | Gauntlet | Found a transporter.
 13831 | Gauntlet | Found a transporter.
 13831 | Gauntlet | Found a transporter.
 13835 | Gauntlet | Found a transporter.
 13835 | Gauntlet | Found a transporter.
 13883 | Gauntlet | Got a faintly glowing hat
 13889 | Gauntlet | Identified the +2 hat of Hysteria {Regen+ Str-3 Int+3} (You
                  | found it in a Gauntlet)
 13910 | Gauntlet | Found a transporter.
 13910 | Gauntlet | Found a transporter.
 13914 | Gauntlet | Found a transporter.
 13914 | Gauntlet | Found a transporter.
 13916 | Gauntlet | Noticed a green death
 13935 | Gauntlet | Gained mutation: Your body sometimes deteriorates upon
                  | taking damage. [a shining eye]
 13937 | Gauntlet | Gained mutation: You are dopey. (Int -2) [a shining eye]
 13959 | Gauntlet | Found a transporter.
 13959 | Gauntlet | Found a transporter.
 13986 | Gauntlet | Killed a green death
 14084 | Gauntlet | Noticed a minotaur
 14095 | Gauntlet | Killed a minotaur
 14367 | Lair:5   | Found a staircase to the Slime Pits.
 15118 | Lair:6   | Entered Level 6 of the Lair of Beasts
 15193 | Lair:6   | Reached XP level 14. HP: 90/90 MP: 23/23
 15224 | Lair:6   | Reached XP level 15. HP: 101/101 MP: 24/24
 15352 | Lair:6   | Reached skill level 15 in Shields
 15694 | Lair:6   | Reached skill level 11 in Dodging
 15849 | Lair:6   | Found the macabre finger necklace {rN+}
 16152 | D:11     | Learned a level 2 spell: Blink
 16188 | D:11     | Killed Maurice
 16210 | D:11     | Found the +7 captain's cutlass {speed, disarm}
 16403 | D:11     | Found Bept's Weapon Shoppe.
 16605 | D:12     | Reached skill level 10 in Unarmed Combat
 17765 | D:13     | Reached skill level 12 in Dodging
 18482 | D:14     | Found a frozen archway.
 18490 | IceCv    | Entered an ice cave
 18703 | IceCv    | Reached XP level 16. HP: 64/108 MP: 25/25
 19272 | D:14     | Found a gate to the Vaults.
 19817 | D:15     | Entered Level 15 of the Dungeon
 20071 | D:15     | Noticed Louise
 20107 | D:15     | Killed Louise
 20107 | D:15     | Reached skill level 13 in Dodging
 20259 | D:15     | Found a staircase to the Depths.
 20562 | D:15     | Noticed Rupert
 20573 | D:15     | Killed Rupert
 20573 | D:15     | Reached skill level 10 in Invocations
 20856 | Orc:1    | Entered Level 1 of the Orcish Mines
 20882 | Orc:1    | Noticed Erolcha
 20901 | Orc:1    | Killed Erolcha
 21333 | Orc:2    | Entered Level 2 of the Orcish Mines
 21639 | Orc:2    | Found Jugecov's Distillery.
 21665 | Orc:2    | Reached skill level 14 in Dodging
 21750 | Orc:2    | Found Reoggif's Food Shoppe.
 21825 | Orc:2    | Bought 2 potions of heal wounds for 160 gold pieces
 21825 | Orc:2    | Bought a potion of heal wounds for 80 gold pieces
 21825 | Orc:2    | Bought a potion of curing for 48 gold pieces
 21825 | Orc:2    | Bought a potion of curing for 48 gold pieces
 21849 | Orc:2    | Found a staircase to the Elven Halls.
 22277 | Orc:2    | Reached XP level 17. HP: 63/112 MP: 26/26
 22341 | Orc:2    | Reached skill level 15 in Dodging
 22416 | Orc:2    | Found Xogutyom's Book Shop.
 22416 | Orc:2    | Found Vaaq's Antique Armour Boutique.
 22416 | Orc:2    | Found a one-way gate leading to the halls of Pandemonium.
 22418 | Orc:2    | Bought a book of the Warp for 1620 gold pieces
 22427 | Orc:2    | Learned a level 8 spell: Controlled Blink
 22732 | Spider:1 | Entered Level 1 of the Spider Nest
 22747 | Spider:1 | Reached skill level 1 in Translocations
 22764 | Spider:1 | Learned a level 4 spell: Summon Lightning Spire
 22916 | Spider:1 | Learned a level 3 spell: Lesser Beckoning
 24352 | Spider:3 | Reached skill level 5 in Translocations
 24834 | Spider:3 | Noticed Bai Suzhen
 24854 | Spider:3 | Killed Bai Suzhen
 25044 | Spider:4 | Entered Level 4 of the Spider Nest
 25054 | Spider:4 | Lost mutation: You are dopey. (Int -2) [potion of mutation]
 25054 | Spider:4 | Lost mutation: Your body sometimes deteriorates upon taking
                  | damage. [potion of mutation]
 25054 | Spider:4 | Gained mutation: You are surrounded by a mild repulsion
                  | field. (EV +2) [potion of mutation]
 25054 | Spider:4 | Gained mutation: Your flesh is cold resistant. (rC+)
                  | [potion of mutation]
 25448 | Spider:4 | Reached skill level 16 in Dodging
 25966 | Spider:4 | Identified the +2 kite shield "Qocvismo" {rC+}
 25966 | Spider:4 | Noticed Asterion
 26008 | Spider:4 | Reached XP level 18. HP: 97/118 MP: 30/30
 27035 | Spider:4 | Got a gossamer rune of Zot
 27070 | Spider:4 | Reached skill level 10 in Spellcasting
 27384 | Spider:4 | Identified the +0 plate armour "Peasupo" {rC+ rN+}
 27389 | Spider:4 | Gained mutation: You are partially covered in yellow
                  | scales. (AC +2) [a cacodemon]
 27391 | Spider:4 | Gained mutation: You are frail. (-10% HP) [a cacodemon]
 27401 | Spider:4 | Killed Asterion
 27654 | Shoals:1 | Entered Level 1 of the Shoals
 27674 | Shoals:1 | Learned a level 6 spell: Deflect Missiles
 28611 | Shoals:2 | Noticed Aizul
 28629 | Shoals:2 | Killed Aizul
 28690 | Shoals:2 | Reached skill level 10 in Translocations
 29067 | Shoals:2 | Identified the +1 whip of Xighine {venom, rPois Str+2}
 29619 | Shoals:3 | Identified a scroll of acquirement
 29620 | Shoals:3 | Identified the +2 hat "Fetwir" {+Blink Slay+3} (You
                  | acquired it on level 3 of the Shoals)
 29921 | Shoals:3 | Reached XP level 19. HP: 107/111 MP: 28/34
 30750 | Shoals:4 | Entered Level 4 of the Shoals
 32187 | Shoals:4 | Got a barnacled rune of Zot
 32544 | Vaults:1 | Entered Level 1 of the Vaults
 33549 | Vaults:1 | Found Logire's Assorted Antiques.
 33603 | Vaults:1 | Slain by a sphinx

Levels and vault maps discovered:
D:1:      saegor_arrival_fortress, layout_loops_ring,
          chequers_serial_rivers_micro_e, minmay_pentomino_z4
D:2:      layout_rooms, yredelemnul_forgotten_temple_becter, minmay_tall_x
D:3:      layout_basic, dancing_weapons_uskayaw, item_on_display_b
D:4:      layout_rooms, okawaru_altar_gauntlet_db, temple_statues, first_ration
D:5:      layout_rooms
D:6:      layout_loops_ring
D:7:      layout_rooms, xom_teletrap_fun, minitemple, serial_shops, shop,
          minmay_misc_feat_x, grunt_livestock, hangedman_decor_opposing
D:8:      minmay_the_grid_triangle_9x9_rhombus_thin
          [minmay_the_grid_triangle_9x9_windchime,
          minmay_the_grid_triangle_9x9_prize_insulated,
          minmay_the_grid_triangle_9x9_zippers_horizontal,
          minmay_the_grid_triangle_9x9_warning], layout_layer_cave,
          hangedman_abyss_or_decor_passed
D:9:      layout_stronghold, elyvilon_altar_1
D:10:     layout_basic, ebering_ghost_gozag
D:11:     layout_cave_pools, erik_lair_island, orc_david_3, serial_shops, shop,
          chequers_serial_rivers_room_b, uniq_snorg, uniq_josephine,
          uniq_maurice
D:12:     layout_loops_corners, zaba_antful_of_joy
D:13:     layout_roguey
D:14:     layout_loops_ring, grunt_vaults_entry_fortified, kennysheep_boxes,
          portal_ice_cave_rime
D:15:     grunt_enter_depths_hoard, layout_long_grid, minmay_tree_intersection,
          kennysheep_doodads, uniq_louise, uniq_rupert
Temple:   hc_temple_tempest_star
Lair:1:   dpeg_oklob_gauntlet, layout_regular_city, st_stairs_8,
          serial_bayou_shore_b, uniq_grum
Lair:2:   layout_regular_city, elwin_shoals_entry_rooms,
          spider_nest_entry_funnel_web
Lair:3:   layout_misc_corridors, grunt_megastairs_2
Lair:4:   layout_loops_ring
Lair:5:   layout_gridlike, dpeg_slime_entry_corner, gauntlet_entry_generic,
          chequers_serial_rivers_room_a, minmay_holes, st_stairs_3,
          serial_bayou_ford_a, chequers_serial_rivers_micro_c
Lair:6:   minmay_lair_end_enchanted_forest, layout_cave_shapes,
          serial_bayou_shore_a, lemuel_fruit_fields
Shoals:1: layout_shoals, nicolae_shoals_dead_sea_scrolls
Shoals:2: layout_shoals, nicolae_shoals_undead_eyrie, uniq_aizul
Shoals:3: layout_shoals, overgrown_statue
Shoals:4: shoals_end_grunt_ice, layout_shoals
Spider:1: layout_spider_delve
Spider:2: layout_spider_delve, nicolae_spider_cling_ruins
Spider:3: layout_spider_delve, uniq_bai_suzhen
Spider:4: grunt_spider_rune_parallel, uniq_asterion
Orc:1:    layout_caves, uniq_erolcha
Orc:2:    pf_orc_diabolical, layout_diamond_mine, mines2_lemuel
Vaults:1: vaults_mumra_lcd, st_greater_box_1, vaults_room_fancy_cross,
          v_misc_30, v_misc_4, vaults_standard_mumra_x, ontoclasm_vaults_tryst,
          nicolae_vaults_network_star, nicolae_vaults_specimen_jars,
          ontoclasm_vaults_fault, vaults_room_pools, layout_vaults_omnicross,
          serial_shops, shop, shop

Skill      XL: |  1  2  3  4  5  6  7  8  9 10 11 12 13 14 15 16 17 18 19 |
---------------+----------------------------------------------------------+-----
Unarmed Combat | 3 4 5 6 7 8 10 12 | 12.0
Dodging        | 4 6 7 8 10 12 14 16 | 16.0
Fighting       | 4 5 6 9 |  9.0
Invocations    | 2 4 6 8 10 11 | 11.6
Evocations     | 2 4 6 |  6.6
Shields        | 5 10 11 14 15 | 15.0
Spellcasting   | 2 6 8 11 12 | 12.0
Poison Magic   | 4 |  4.0
Conjurations   | 4 |  4.0
Air Magic      | 4 |  4.0
Translocations | 6 10 13 | 13.4

Action                   |  1- 3 |  4- 6 |  7- 9 | 10-12 | 13-15 | 16-18 | 19-21 || total
-------------------------+-------+-------+-------+-------+-------+-------+-------++-------
Melee: Unarmed           |    91 |   128 |   212 |   432 |   755 |  1399 |   312 ||  3329
       Constrict         |    30 |    36 |    45 |    76 |   130 |   327 |    67 ||   711
       Tentacles         |    14 |    22 |    72 |   197 |   331 |   620 |   139 ||  1395
       Punch             |       |     4 |    21 |    64 |   102 |   304 |    69 ||   564
 Cast: Mephitic Cloud    |       |       |       |     3 |       |       |       ||     3
       Lesser Beckoning  |       |       |       |       |       |    14 |    25 ||    39
       Summon Lightning  |       |       |       |       |       |     2 |     2 ||     4
       Deflect Missiles  |       |       |       |       |       |     1 |       ||     1
Invok: Slouch            |       |       |       |     2 |     4 |    11 |     5 ||    22
       Step From Time    |       |       |       |       |       |       |     1 ||     1
Evoke: Wand              |       |       |    13 |    18 |    17 |    35 |     7 ||    90
  Use: Potion            |     3 |     1 |       |     3 |     2 |     9 |       ||    18
       Scroll            |       |       |     8 |    15 |    10 |     8 |     4 ||    45
 Stab: Sleeping          |     6 |     6 |     7 |     6 |    14 |    16 |     2 ||    57
       Paralysed         |       |       |     7 |       |     6 |       |       ||    13
       Confused          |       |       |       |     3 |       |       |       ||     3
       Distracted        |       |       |       |       |     2 |     4 |     3 ||     9
  Eat: Chunk             |     1 |     6 |     5 |     7 |    14 |    20 |     7 ||    60
       Ration            |       |       |       |     1 |       |     1 |       ||     2
Armor: Skin              |     9 |     3 |     5 |     1 |     4 |    30 |     7 ||    59
Dodge: Dodged            |    50 |    68 |    95 |   281 |   282 |   977 |   149 ||  1902
       Deflected         |       |       |       |       |       |     3 |     1 ||     4
Block: Kite shield       |    38 |    41 |    73 |   415 |   628 |  1682 |   274 ||  3151
       Reflection        |       |       |       |     4 |    13 |    55 |    41 ||   113

Table legend:
 A = Non-vault XP
 B = Vault XP
 C = Vault XP percentage of total XP
 D = Non-vault monster count
 E = Vault monster count
 F = Vault count percentage of total count
                 A         B        C        D         E       F
            +---------+---------+-------+---------+---------+-------
      Total |  208313 |  141276 |  40.4 |     857 |     376 |  30.5
            +---------+---------+-------+---------+---------+-------
        D:1 |      45 |       6 |  11.8 |      25 |       4 |  13.8
        D:2 |      44 |       8 |  15.4 |      20 |       5 |  20.0
        D:3 |      54 |       0 |   0.0 |      16 |       0 |   0.0
        D:4 |     548 |      36 |   6.2 |      22 |       6 |  21.4
        D:5 |     913 |       0 |   0.0 |      18 |       0 |   0.0
        D:6 |     353 |       0 |   0.0 |      13 |       0 |   0.0
        D:7 |    1130 |     971 |  46.2 |      24 |       5 |  17.2
        D:8 |    2173 |    4938 |  69.4 |      46 |      14 |  23.3
        D:9 |    1712 |       0 |   0.0 |      11 |       0 |   0.0
       D:10 |    4979 |       0 |   0.0 |      43 |       0 |   0.0
       D:11 |    1683 |    5253 |  75.7 |      24 |      21 |  46.7
       D:12 |    4569 |    6303 |  58.0 |      30 |      35 |  53.8
       D:13 |    6875 |       0 |   0.0 |      21 |       0 |   0.0
       D:14 |    6243 |    6824 |  52.2 |      15 |      12 |  44.4
       D:15 |   14347 |    6648 |  31.7 |      45 |       4 |   8.2
     Lair:1 |    3036 |     543 |  15.2 |      18 |       4 |  18.2
     Lair:2 |    2417 |    2245 |  48.2 |      13 |       6 |  31.6
     Lair:3 |    2812 |    2733 |  49.3 |      14 |       4 |  22.2
     Lair:4 |    1697 |       0 |   0.0 |      12 |       0 |   0.0
     Lair:5 |    7689 |       0 |   0.0 |      29 |       0 |   0.0
     Lair:6 |   13474 |    7632 |  36.2 |      35 |      42 |  54.5
   Shoals:1 |   14689 |       0 |   0.0 |      28 |       0 |   0.0
   Shoals:2 |   17222 |    2943 |  14.6 |      31 |       6 |  16.2
   Shoals:3 |   13993 |       0 |   0.0 |      25 |       0 |   0.0
   Shoals:4 |    7454 |   19572 |  72.4 |      14 |      31 |  68.9
   Spider:1 |   15299 |       0 |   0.0 |      49 |       0 |   0.0
   Spider:2 |   12955 |       0 |   0.0 |      37 |       0 |   0.0
   Spider:3 |    8987 |    5631 |  38.5 |      25 |       3 |  10.7
   Spider:4 |   17270 |   26332 |  60.4 |      41 |      55 |  57.3
      Orc:1 |    3301 |    1027 |  23.7 |      32 |       1 |   3.0
      Orc:2 |    4205 |   16069 |  79.3 |      40 |      60 |  60.0
   Vaults:1 |   16145 |   16885 |  51.1 |      41 |      22 |  34.9
      IceCv |       0 |    3775 | 100.0 |       0 |      25 | 100.0
   Gauntlet |       0 |    4902 | 100.0 |       0 |      11 | 100.0
            +---------+---------+-------+---------+---------+-------
